 Dungeon Crawl Stone Soup version 0.30-a0-381-g6ea064c7b4 (webtiles) character file.

Game seed: 14741245318111047286

91 MackTheKnife the Cudgeller (level 4, -3/28 HPs)
             Began as a Gargoyle Cinder Acolyte on Dec 1, 2022.
             Was a High Priest of Ignis.
             Slain by an ogre
             ... wielding a +0 giant club
              (9 damage)
             ... on level 3 of the Dungeon.
             The game lasted 00:01:32 (1845 turns).

MackTheKnife the Cudgeller (GrCA)                   Turns: 1845, Time: 00:01:32

Health: -3/28      AC:  7    Str: 17    XL:     4   Next: 59%
Magic:  5/5        EV: 11    Int: 15    God:    Ignis [*****.]
Gold:   61         SH:  0    Dex: 13    Spells: 5/5 levels left

rFire   + . .      SeeInvis .    g - +0 flail {mace}
rCold   . . .      Faith    .    (no shield)
rNeg    + . .      Spirit   .    b - +0 robe
rPois   ∞          Reflect  .    (no helmet)
rElec   +          Harm     .    q - +1 cloak
rCorr   .          Rampage  .    (no gloves)
Will    .....                    (no boots)
Stlth   +.........               (no amulet)
HPRegen 0.24/turn                m - +6 ring of dexterity
MPRegen 0.09/turn                (no ring)

@: no status effects
A: sickness immunity, AC +3, negative energy resistance 1, electricity
resistance, torment resistance 1, petrification resistance
a: Renounce Religion, Fiery Armour, Foxfire Swarm, Rising Flame


You were on level 3 of the Dungeon.
You worshipped Ignis.
Ignis was extremely pleased with you.
You visited 1 branch of the dungeon, and saw 3 of its levels.

You collected 61 gold pieces.


Innate Abilities, Weirdness & Mutations

You are immune to sickness and miasma.
Your stone body is resilient. (AC +3)
You are immune to poison.
You resist negative energy. (rN+)
You are resistant to electric shocks. (rElec)
You are resistant to unholy torment.
You are immune to petrification.


   Skills:
 - Level 3.2 Fighting
 + Level 5.2 Maces & Flails
 - Level 1.0 Spellcasting
 - Level 3.0 Fire Magic


You had 5 spell levels left.
You didn't know any spells.
Your spell library contained the following spells:

 Spells                   Type           Power      Damage    Failure   Level
 Scorch                   Fire           18%        2d6       11%         2
 Anguish                  Hex/Necr       0%         N/A       94%         4
 Enfeeble                 Hex            0%         N/A       100%        7

Inventory:

Hand Weapons
 a - a -1 mace of flaming {mace}
 g - a +0 flail (weapon) {mace}
   (You found it on level 2 of the Dungeon)
Missiles
 c - 16 stones (quivered) {throwing}
 i - 4 poisoned darts {throwing}
 l - 3 javelins {throwing}
Armour
 b - a +0 robe (worn)
 q - a +1 cloak (worn)
   (You found it on level 3 of the Dungeon)
 r - a +0 robe
   (You found it on level 3 of the Dungeon)
 s - a +0 buckler
   (You found it on level 3 of the Dungeon)
Jewellery
 m - a +6 ring of dexterity (left hand)
   (You found it on level 3 of the Dungeon)
Wands
 p - a wand of paralysis (10)
   (You found it on level 3 of the Dungeon)
Scrolls
 e - a scroll of fog {unknown}
 f - a scroll of torment {unknown}
 j - a scroll of enchant weapon {unknown}
 k - a scroll of teleportation {unknown}
 n - 3 scrolls of immolation {unknown}
 t - 2 scrolls of vulnerability {unknown}
 u - a scroll of identify {unknown}
Potions
 d - 2 potions of heal wounds {unknown}
 h - a potion of curing {unknown}
 o - 2 potions of mutation {unknown}

Dungeon Overview and Level Annotations

Branches:
Dungeon (3/15) Zot: 16122

Altars:

#....#
#....#♣♣♣♣♣
#.........♣♣
###..........♣
#......#♣♣♣♣♣.
####......#
#.........##
#.##.......#
#@######...##
#O# ##...#
#g)...###.#.##
###..(##..#..#
#####.###.#
#..##.#
##.##.#
#..#.##
##.#..#


You could see an ogre and a goblin.


Message History

You take 3 damage, and now have 25/28 hp.
No target in view!
No target in view!
No target in view!
No target in view!
A kobold is nearby! 😕 HP[+1]
A kobold is nearby!
You barely miss the kobold. The kobold hits you but does no damage.
You barely miss the kobold. The kobold hits you but does no damage.
You hit the kobold but do no damage. The kobold barely misses you. 😕 HP[+1]
You hit the kobold.
You kill the kobold!
No target in view!
No target in view!
No target in view!
c - 16 stones {throwing} (gained 4)
You see here a +0 short sword {short}.
q - a +1 cloak 😎 HP[+1]
Your hp is fully restored (28).
r - a +0 robe A rat comes into view.
Okay, then.
The rat barely misses you.
You sock the rat!
You kill the rat!
No target in view!
No target in view!
No target in view!
No target in view!
No target in view!
You start putting on your armour.
You continue putting on your +1 cloak. x4
You finish putting on your +1 cloak.
Key pressed, stopping explore.
Found a stone staircase leading up.
You see here a +0 buckler.
s - a +0 buckler
t - 2 scrolls labelled JIORPH POECKULATZO
u - a scroll labelled EHAVAE DUGIEF Key pressed, stopping explore.
As you open the door, it creaks loudly!
An ogre and 5 goblins come into view.
The goblin shouts!
The ogre shouts!
The goblin shouts!
You hear a shout! x2
The goblin shouts!
You hear a shout!
A goblin comes into view. It is wielding a +0 club.
You hit the goblin.
You kill the goblin!
A goblin comes into view. It is wielding a +0 club.
You closely miss the goblin.
A goblin comes into view. It is wielding a +0 dagger.
You closely miss the goblin. The goblin misses you.
You closely miss the goblin. The goblin hits you with a +0 club.
The goblin barely misses you. 😕 HP[-1]
You take 1 damage, and now have 27/28 hp.
You barely miss the goblin. The goblin closely misses you. x2
The goblin hits you but does no damage. x2
You hit the goblin.
You kill the goblin!
You closely miss the goblin. The goblin hits you but does no damage.
You hit the goblin.
You kill the goblin!
The goblin barely misses you. 😎 HP[+1]
Your hp is fully restored (28).
You hit the goblin. The goblin hits you but does no damage.
You hit the goblin but do no damage. The goblin hits you but does no damage.
You hit the goblin. The goblin barely misses you.
You hit the goblin.
You kill the goblin!
The goblin hits you with a +0 club. 😕 HP[-4]
You take 4 damage, and now have 24/28 hp.
The goblin attacks as you move away! The goblin closely misses you.
You miss the goblin. The goblin misses you.
You thump the goblin!
You kill the goblin! 😕 HP[+1]
You barely miss the goblin. The goblin hits you but does no damage.
You hit the goblin.
You kill the goblin!
You hit the goblin but do no damage. The goblin completely misses you.
You thump the goblin!
You kill the goblin! 😕 HP[+1]
You hit the ogre. The ogre barely misses you.
You sock the ogre!
The ogre hits you with a +0 giant club!!
Ouch! That really hurt!
* * * LOW HITPOINT WARNING * * *
😱 HP[-21]
You take 21 damage, and now have 5/28 hp.
MASSIVE DAMAGE!! (PAUSE)
You hit the ogre. The ogre misses you.
You hit the ogre but do no damage. 😱 HP[+1]
You sock the ogre! The ogre hits you with a +0 giant club!
You die...

Skill      XL: |  1  2  3  4 |
---------------+-------------+-----
Maces & Flails | 4 5 |  5.2
Fighting       | |  3.2
Spellcasting   | |  1.0
Fire Magic     | |  3.0

Action                   |  1- 3 |  4- 6 || total
-------------------------+-------+-------++-------
Melee: Mace              |    91 |       ||    91
       Punch             |     1 |       ||     1
       Flail             |    34 |    62 ||    96
Armor: Robe              |    68 |    22 ||    90
Dodge: Dodged            |   115 |    34 ||   149

Levels and vault maps discovered:
D:1:      dpeg_arrival_subterranean_lakeside_camping, layout_basic
D:2:      layout_basic, serial_glass, glass_columns_b, glass_columns_a
D:3:      kb_forest_paths, layout_basic, serial_undead, serial_undead_e,
          serial_undead_f, serial_undead_a, serial_undead_f,
          minmay_ogre_servants

Notes
Turn   | Place    | Note
-------+----------+-------------------------------------------
     0 | D:1      | MackTheKnife the Gargoyle Cinder Acolyte began the quest
                  | for the Orb.
     0 | D:1      | Reached XP level 1. HP: 14/14 MP: 2/2
     0 | D:1      | magus.rc [v1.9.6]
   115 | D:1      | You pick up a book of Maledictions and begin reading...
   115 | D:1      | You add the spells Anguish and Enfeeble to your library.
   164 | D:1      | Reached XP level 2. HP: 19/19 MP: 3/3
   450 | D:1      | Reached skill level 4 in Maces & Flails
   460 | D:1      | Reached XP level 3. HP: 15/23 MP: 4/4
  1287 | D:2      | You fall into a shaft and drop 1 floor!
  1426 | D:3      | Reached XP level 4. HP: 22/28 MP: 5/5
  1448 | D:3      | Reached skill level 5 in Maces & Flails
  1821 | D:3      | Noticed an ogre
  1842 | D:3      | HP: 5/28 [ogre/+0 giant club (21)]
  1845 | D:3      | Slain by an ogre

Vanquished Creatures
  3 adders
  An adder zombie (D:3)
  An adder skeleton (D:3)
  4 dart slugs (D:1)
  3 ball pythons (D:1)
  7 bats
  An endoplasm (D:3)
  A giant cockroach (D:1)
  11 goblins
  4 hobgoblins
  3 jackals (D:3)
  A quokka (D:1)
  A frilled lizard (D:1)
  3 kobolds
  4 rats
48 creatures vanquished.

Table legend:
 A = Non-vault XP
 B = Vault XP
 C = Vault XP percentage of total XP
 D = Non-vault monster count
 E = Vault monster count
 F = Vault count percentage of total count
                 A         B        C        D         E       F
            +---------+---------+-------+---------+---------+-------
      Total |      98 |      33 |  25.2 |      33 |      15 |  31.2
            +---------+---------+-------+---------+---------+-------
        D:1 |      38 |       8 |  17.4 |      18 |       6 |  25.0
        D:2 |      30 |       0 |   0.0 |       5 |       0 |   0.0
        D:3 |      30 |      25 |  45.5 |      10 |       9 |  47.4
            +---------+---------+-------+---------+---------+-------

Illustrated notes

Table legend:
 A = Kills in this place as a percentage of kills in entire the game.
 B = Kills by you in this place as a percentage of kills by you in the entire game.
 C = Kills by friends in this place as a percentage of kills by friends in the entire game.
 D = Other kills in this place as a percentage of other kills in the entire game.
 E = Experience gained in this place as a percentage of experience gained in the entire game.
 F = Experience gained in this place divided by the number of levels of this place that you have seen.
                   A       B       C       D       E      F
               +-------+-------+-------+-------+-------+----------------------
         Total | 100.0 | 100.0 |   N/A |   N/A | 100.0 |  43.7
       Dungeon | 100.0 | 100.0 |   N/A |   N/A | 100.0 |  43.7
               +-------+-------+-------+-------+-------+----------------------

Table legend: (Time is in decaauts)
 A = Elapsed time spent in this place.
 B = Non-inter-level travel time spent in this place.
 C = Inter-level travel time spent in this place.
 D = Time resting spent in this place.
 E = Time spent auto-exploring this place.
 F = Levels seen in this place.
 G = Mean time per level.
                   A        B        C        D        E       F      G
               +--------+--------+--------+--------+--------+-----+--------+
         Total |   1876 |   1794 |     82 |     28 |   1391 |   3 |  625.3 |
       Dungeon |   1876 |   1794 |     82 |     28 |   1391 |   3 |  625.3 |
               +--------+--------+--------+--------+--------+-----+--------+

Top non-repeatable levels by time:
     D:1: 889 daAuts
     D:3: 570 daAuts
     D:2: 417 daAuts
